 Dungeon Crawl Stone Soup version 0.13-a0-2926-g9203b68 (webtiles) character file.

1877 PolkaDot the Gusty (level 8, -1/50 HPs)
             Began as a Vampire Wizard on Sept 3, 2013.
             Was a Believer of Sif Muna.
             Shot with an arrow by a centaur (3 damage)
             ... on Level 6 of the Dungeon.
             The game lasted 00:40:44 (6638 turns).

PolkaDot the Gusty (Vampire Wizard)                 Turns: 6638, Time: 00:40:45

HP  -1/50        AC  2     Str  6      XL: 8   Next: 54%
MP  11/18        EV 12     Int 22      God: Sif Muna [**....]
Gold 353         SH  0     Dex 12      Spells:  3 memorised,  6 levels left

Res.Fire  : . . .   See Invis. : +   u - staff of wizardry
Res.Cold  : + + .   Warding    : .   q - +0 robe (curse)
Life Prot.: + + +   Conserve   : .   (no shield)
Res.Poison: +       Res.Corr.  : .   b - +0 wizard hat
Res.Elec. : .       Clarity    : .   (no cloak)
Sust.Abil.: . .     Spirit.Shd : .   (no gloves)
Res.Mut.  : .       Stasis     : .   (no boots)
Res.Rott. : +       Flight     : .   (no amulet)
Saprovore : . . .                    (no ring)
                                     (no ring)

@: regenerating slowly, somewhat resistant to hostile enchantments, stealthy
A: bottle blood, fangs 3, see invisible, unbreathing
a: Bat Form, Bottle Blood, Channel Energy, Forget Spell, Renounce Religion


You were on level 6 of the Dungeon.
You worshipped Sif Muna.
Sif Muna was greatly pleased with you.
You were near bloodless.

You visited 1 branch of the dungeon, and saw 6 of its levels.

You collected 333 gold pieces.

Inventory:

Armour
 b - a +0 wizard hat (worn)
 q - a cursed +0 robe (worn)
Magical devices
 m - a wand of slowing (15)
 A - a wand of disintegration (6)
Scrolls
 a - a scroll of amnesia {unknown}
 d - 2 scrolls of curse armour {unknown}
 f - 3 scrolls of random uselessness {unknown}
 h - 2 scrolls of enchant armour {unknown}
 i - 3 scrolls of fog {unknown}
 j - 4 scrolls of identify {unknown}
 k - 4 scrolls of enchant weapon I {unknown}
 n - a scroll of curse jewellery {unknown}
 p - a scroll of fear {unknown}
 r - 2 scrolls of blinking {unknown}
 s - 3 scrolls of remove curse {unknown}
 t - 2 scrolls of curse weapon {unknown}
 v - a scroll of teleportation {unknown}
 y - 5 scrolls of noise {unknown}
 B - 2 scrolls of enchant weapon II {unknown}
 C - 3 scrolls of recharging {unknown}
 F - a scroll of enchant weapon III {unknown}
Potions
 e - 2 potions of restore abilities {unknown}
 g - 4 potions of heal wounds
 l - a potion of invisibility
 o - a potion of curing
 w - 2 potions of confusion {unknown}
 z - a potion of mutation {unknown}
 D - a potion of might {unknown}
 E - a potion of paralysis {unknown}
Books
 c - a book of Minor Magic

   Spells                             Type                      Level
   *Magic Dart                        Conjuration                  1
   Blink                              Translocation                2
   Call Imp                           Summoning                    2
   Repel Missiles                     Charms/Air                   2
   Slow                               Hexes                        2
   *Conjure Flame                     Conjuration/Fire             3
   *Mephitic Cloud                    Conjuration/Poison/Air       3
 x - a book of Death

   Spells                             Type                      Level
   Corpse Rot                         Necromancy                   2
   Sublimation of Blood               Necromancy                   2
   Agony                              Necromancy                   5
   Dispel Undead                      Necromancy                   5
   Excruciating Wounds                Charms/Necromancy            5
   Bolt of Draining                   Conjuration/Necromancy       6
Magical staves
 u - an uncursed staff of wizardry (weapon)


   Skills:
 - Level 2.1 Dodging
 - Level 3.0 Stealth
 - Level 3.0 Spellcasting
 * Level 5.8 Conjurations
   Level 1.0 Summonings
   Level 0.7 Translocations
 * Level 6.2 Air Magic
 + Level 3.3 Invocations


You had 6 spell levels left.
You knew the following spells:

 Your Spells              Type           Power        Failure   Level  Hunger
a - Magic Dart            Conj           ####         1%          1    None
d - Mephitic Cloud        Conj/Pois/Air  ###.....     3%          3    ###....
s - Conjure Flame         Conj/Fire      ###.....     4%          3    ###....


Dungeon Overview and Level Annotations

Branches:
Dungeon (6/27)             Temple (0/1) D:4
    Orc: D:6-11

Altars:
Cheibriados
Sif Muna
the Shining One

Annotations:
D:6 adg's ghost, experienced TrBe


Innate Abilities, Weirdness & Mutations

You heal slowly.
You can bottle blood from corpses.
You have razor-sharp teeth.*
You have supernaturally acute eyesight.
You can survive without breathing.*


Message History

The centaur appears confused.
The centaur falls into the water!
The centaur drowns.
You hear a splash.
The goliath beetle is engulfed in noxious fumes.
The goliath beetle appears confused.
The goliath beetle falls into the water!
The goliath beetle drowns.
There is a stone staircase leading up here.
The centaur shoots an arrow.
The arrow hits you!
* * * LOW HITPOINT WARNING * * *
The centaur shoots an arrow.
The arrow hits you!
* * * LOW HITPOINT WARNING * * *
You see here an arrow.
The centaur shoots an arrow.
The arrow misses you.
The centaur wields a bow.
The centaur shoots an arrow.
The arrow hits you!
* * * LOW HITPOINT WARNING * * *
You see here 2 arrows.
The centaur shoots an arrow.
The arrow misses you.
The centaur shoots an arrow.
The arrow hits you!
You die...

≈.##.c#.≈≈≈≈≈≈≈######
≈≈≈c####.≈≈≈≈≈≈##
≈≈≈≈≈c.≈≈≈≈≈###
#≈≈≈≈≈≈≈≈≈≈≈.#########
##.##≈≈≈≈≈≈...(((.....#
#..#.....##(#.#######.#
#.......# #(#.# #.#
#..#.#.(###.#.#######.#
##....@((.<............
#.#.#..###.#.#######.#
#......# #.#.## #.#
#...#..###....# #.#
#####.........# #.#
#.####....######.# #.#
#............ #.#
###########.#
#.###########.....


You could see 3 centaurs.

Vanquished Creatures
  Edmund (D:6)
  An ice beast (D:5)
  A phantom (D:4)
  A black bear (D:6)
  2 centaurs (D:6)
  An ogre (D:3)
  A giant frog (D:6)
  A giant frog zombie (D:6)
  2 orc priests
  A scorpion (D:4)
  2 goliath beetles (D:6)
  3 hounds
  3 orc wizards
  5 worker ants
  Ijyb (D:5)
  A hound zombie (D:6)
  A hound skeleton (D:6)
  6 gnolls
  11 adders
  3 giant mites
  3 worms
  An adder zombie (D:6)
  A giant eyeball (D:3)
  An ooze (D:3)
  15 orcs
  A bat zombie (D:5)
  11 giant cockroaches
  7 hobgoblins
  9 jackals
  20 kobolds
  2 quokkas
  A ball python (D:1)
  8 bats
  3 giant geckos
  9 giant newts
  11 goblins
  2 hobgoblin skeletons
  20 rats
  A rat skeleton (D:3)
174 creatures vanquished.

Vanquished Creatures (others)
  A plant (D:3)
1 creature vanquished.

Grand Total: 175 creatures vanquished

Notes
Turn   | Place    | Note
--------------------------------------------------------------
     0 | D:1      | PolkaDot, the Vampire Wizard, began the quest for the Orb.
     0 | D:1      | Reached XP level 1. HP: 11/11 MP: 6/6
    87 | D:1      | Reached skill level 1 in Conjurations
   246 | D:1      | Reached XP level 2. HP: 15/17 MP: 4/8
   876 | D:2      | Reached XP level 3. HP: 22/22 MP: 3/10
   981 | D:2      | Learned a level 3 spell: Conjure Flame
   985 | D:2      | Learned a level 3 spell: Mephitic Cloud
  1248 | D:2      | Found a snail-covered altar of Cheibriados.
  1274 | D:2      | Reached skill level 1 in Air Magic
  1274 | D:2      | Reached XP level 4. HP: 8/28 MP: 12/12
  1978 | D:2      | Found a glowing golden altar of the Shining One.
  1978 | D:2      | Found a deep blue altar of Sif Muna.
  1982 | D:2      | Became a worshipper of Sif Muna the Loreminder
  2448 | D:3      | Reached XP level 5. HP: 28/33 MP: 6/13
  2693 | D:3      | Noticed an ogre
  2740 | D:3      | Killed an ogre
  3252 | D:3      | Paralysed by a giant eyeball for 4 turns
  3293 | D:3      | Reached XP level 6. HP: 39/39 MP: 9/15
  3554 | D:4      | Acquired Sif Muna's first power
  3592 | D:4      | Reached skill level 4 in Conjurations
  3959 | D:4      | Found a staircase to the Ecumenical Temple.
  4100 | D:4      | Reached skill level 1 in Invocations
  4311 | D:4      | Reached XP level 7. HP: 12/44 MP: 9/17
  4616 | D:5      | Entered Level 5 of the Dungeon
  5206 | D:5      | Noticed Ijyb
  5221 | D:5      | Killed Ijyb
  5461 | D:6      | Reached skill level 5 in Conjurations
  5559 | D:6      | Acquired Sif Muna's second power
  5675 | D:6      | Reached skill level 5 in Air Magic
  5675 | D:6      | Reached XP level 8. HP: 25/50 MP: 7/18
  6059 | D:6      | Noticed Edmund
  6075 | D:6      | Noticed adg's ghost (experienced TrBe)
  6088 | D:6      | Killed Edmund
  6599 | D:6      | Reached skill level 6 in Air Magic
  6637 | D:6      | HP: 2/50 [centaur/arrow (2)]
  6638 | D:6      | Shot with an arrow by a centaur

Action                   |  1- 3 |  4- 6 |  7- 9 || total
-------------------------+-------+-------+-------++-------
Melee: Dagger            |    47 |       |       ||    47
       Short sword       |       |    75 |       ||    75
       Staff             |       |    24 |     9 ||    33
 Cast: Magic Dart        |    68 |   209 |   118 ||   395
       Mephitic Cloud    |     1 |     4 |    22 ||    27
       Conjure Flame     |       |     9 |    59 ||    68
Invok: Channel Energy    |       |    13 |   114 ||   127
 Abil: End Transformatio |       |       |     2 ||     2
       Bat Form          |       |       |     2 ||     2
  Use: Potion            |     1 |     5 |       ||     6
 Stab: Confused          |     2 |     4 |     1 ||     7
       Invisible         |       |     3 |       ||     3
       Distracted        |       |     1 |       ||     1
       Sleeping          |       |     1 |       ||     1
